 Dungeon Crawl Stone Soup version 0.25.1-8-g42b30a86e7 (webtiles) character file.

Game seed: 1460388720382100660

4946 okrk the Cleaver (level 10, 0/88 HPs)
             Began as a Minotaur Fighter on Dec 10, 2020.
             Was a Believer of Qazlal.
             Slain by a naga warrior
             ... wielding a +0 glaive
              (4 damage)
             ... on level 1 of the Abyss on Dec 11, 2020.
             The game lasted 00:34:44 (9758 turns).

okrk the Cleaver (Minotaur Fighter)                 Turns: 9758, Time: 00:34:44

Health: 0/88       AC: 11    Str: 23      XL:     10   Next: 28%
Magic:  8/8        EV:  8    Int:  2 (5)  God:    Qazlal [**....]
Gold:   470        SH: 15    Dex: 11      Spells: 9/9 levels left

rFire    x . .     SeeInvis .   B - +2 war axe (flame)
rCold    + . .     Gourm    .   c - +0 kite shield
rNeg     . . .     Faith    .   b - +0 scale mail
rPois    .         Spirit   .   (helmet restricted)
rElec    .         Reflect  .   n - +0 cloak
rCorr    .         Harm     .   u - +1 pair of gloves
MR       +....                  (no boots)
Stlth    ..........             A - amulet of magic regeneration
HPRegen  0.24/turn              j - ring of protection from magic
MPRegen  0.36/turn              r - ring of ice

@: lethally poisoned (0 -> -1), about to teleport, hasted, constricted, very
quick
A: retaliatory headbutt, horns 2, low mp 1
a: Upheaval, Renounce Religion


You were on level 1 of the Abyss.
You worshipped Qazlal.
Qazlal was pleased with you.
You were not hungry.

You visited 2 branches of the dungeon, and saw 10 of its levels.
You visited the Abyss 1 time.
You also visited: Sewer.

You collected 757 gold pieces.
You spent 287 gold pieces at shops.

Inventory:

Hand Weapons
 B - a +2 war axe of flaming (weapon)
Armour
 b - a +0 scale mail (worn)
 c - a +0 kite shield (worn)
 n - a +0 cloak (worn)
 u - a +1 pair of gloves (worn)
Jewellery
 j - a ring of protection from magic (left hand)
 r - a ring of ice (right hand)
 A - an amulet of magic regeneration (around neck)
Wands
 y - a wand of disintegration (1)
Scrolls
 e - a scroll of teleportation
 k - 10 scrolls of remove curse
 l - 4 scrolls of fog
 m - 3 scrolls of amnesia
 p - 3 scrolls of enchant weapon
 s - 3 scrolls of magic mapping
 t - 2 scrolls of enchant armour
 w - 6 scrolls of identify
Potions
 d - 4 potions of might
 g - 2 potions of flight
 h - 2 potions of brilliance
 i - a potion of cancellation
 q - a potion of magic
 x - a potion of berserk rage
Comestibles
 f - 22 rations


   Skills:
 + Level 7.7 Fighting
 + Level 11.1 Axes
 + Level 7.9 Armour
 + Level 5.0 Dodging
 + Level 1.3 Stealth
 + Level 9.3 Shields
 + Level 0.9 Evocations


You had 9 spell levels left.
You didn't know any spells.
Your spell library contained the following spells:

 Spells                   Type           Power        Failure   Level  Hunger
 Magic Dart               Conj           #...         97%         1    ##.....
 Searing Ray              Conj           #.....       99%         2    ###....
 Confusing Touch          Hex            #.......     100%        3    ####...
 Dazzling Flash           Conj/Hex       #.....       100%        3    ####...
 Gell's Gravitas          Tloc           #.........   100%        3    ####...
 Fulminant Prism          Conj/Hex       #.........   100%        4    #####..
 Iskenderun's Mystic Bla  Conj/Tloc      #.......     100%        4    #####..
 Petrify                  Tmut/Erth      #.......     100%        4    #####..
 Metabolic Englaciation   Hex/Ice        #.........   100%        5    ######.
 Yara's Violent Unravell  Hex/Tmut       #.........   100%        5    ######.


Dungeon Overview and Level Annotations

Branches:
Dungeon (9/15)             Temple (1/1) D:5            Lair (0/6) D:9
  Sewer (visited)
    Orc: D:9-12

Altars:
Ashenzari
Cheibriados
Dithmenos
Elyvilon
Fedhas
Gozag
Kikubaaqudgha
Makhleb
Nemelex Xobeh
Okawaru
Qazlal
Ru
Sif Muna
Uskayaw
Xom
Yredelemnul
The Shining One

Shops:
D:4 ?


Innate Abilities, Weirdness & Mutations

You reflexively headbutt those who attack you in melee.
You have a pair of horns on your head.
Your magical capacity is low. (-10% MP)


Message History

The large abomination is unaffected.
The chaos spawn is unaffected.
The guardian serpent looks frightened!
The naga warrior looks frightened!
The naga warrior easily resists.
The naga looks frightened!
The salamander looks frightened!
The spatial vortex is unaffected. x2
You block the chaos spawn's attack.
You block the spatial maelstrom's attack.
The spatial maelstrom closely misses you.
You escape the naga's grasp.
You feel sick. The spatial maelstrom hits you!
* * * LOW HITPOINT WARNING * * *
Space bends around you.
* * * LOW HITPOINT WARNING * * *
The spatial maelstrom hits you.
* * * LOW HITPOINT WARNING * * *
The large abomination hits you.
* * * LOW HITPOINT WARNING * * *
The spatial vortex closely misses you. You furiously retaliate!
You headbutt the spatial vortex.
Found a scale mail.
Found a corrupted altar of Lugonu.
You block the naga warrior's attack. The naga warrior grabs you.
You die...

...............#..#
≈≈≈≈≈ ≈.≈≈....N..#
≈ ≈≈≈≈#≈.........#
≈≈≈S#.N........##
≈..≈.v≈....N..$....
..................
.)........4X.......
.#+####...vv.......
# .....#..@.......
.# [#....##∩N.#####
## ..#....#...#
.$..... #...#
....... #...# ..
#####.#..._ #.....
'......


You could see 2 naga warriors, a spatial maelstrom, a salamander (fleeing), 2
spatial vortices, a large abomination, a guardian serpent (fleeing), a chaos
spawn and a naga (fleeing, catching breath).

Vanquished Creatures
  2 hippogriffs
  A ynoxinul (Abyss:1)
  4 hogs (D:7)
  A human (D:7)
  A neqoxec (Abyss:1)
  3 wargs
  An ice beast (D:6)
  4 orc warriors
  2 phantoms
  A sky beast (D:6)
  3 ogres
  2 centaurs
  A crocodile (Sewer)
  A bullfrog (D:9)
  A scorpion (D:5)
  A water moccasin skeleton (D:6)
  3 killer bees (D:6)
  5 wights (D:6)
  4 howler monkeys (D:5)
  A crimson imp (D:5)
  A quasit (D:8)
  6 orc priests
  A hound (D:7)
  6 orc wizards
  2 bullfrog skeletons (D:5)
  Jessica (D:2)
  Natasha (twice) (D:2)
  An iguana (D:7)
  9 worker ants
  Terence (D:3)
  A killer bee zombie (D:8)
  2 hound zombies
  A hound skeleton (D:7)
  A worker ant zombie (D:8)
  9 gnolls
  14 adders
  2 shadow imps
  3 oozes
  2 adder skeletons
  5 worms
  3 dart slugs
  7 leopard geckos
  40 orcs
  8 giant cockroaches
  12 goblins
  6 hobgoblins
  18 jackals
  5 quokkas
  11 bats
  8 frilled lizards
  12 kobolds
  A quokka skeleton (D:8)
  9 rats
252 creatures vanquished.

Notes
Turn   | Place    | Note
-------+----------+-------------------------------------------
     0 | D:1      | okrk the Minotaur Fighter began the quest for the Orb.
     0 | D:1      | Reached XP level 1. HP: 19/19 MP: 0/0
   327 | D:1      | Reached XP level 2. HP: 27/27 MP: 1/1
   633 | D:1      | Reached XP level 3. HP: 27/33 MP: 2/2
  1451 | D:2      | Reached skill level 3 in Axes
  1554 | D:2      | Reached XP level 4. HP: 21/40 MP: 3/3
  1807 | D:2      | Found a shattered altar of Ashenzari.
  1845 | D:2      | Reached skill level 1 in Dodging
  2105 | D:2      | Noticed Jessica
  2112 | D:2      | Killed Jessica
  2112 | D:2      | Reached skill level 4 in Axes
  2430 | D:2      | Noticed Natasha
  2434 | D:2      | Killed Natasha
  2434 | D:2      | Reached XP level 5. HP: 41/46 MP: 4/4
  2465 | D:2      | Found a sacrificial altar of Ru.
  2537 | D:2      | Noticed Natasha
  2543 | D:2      | Killed Natasha
  2952 | D:3      | Reached skill level 5 in Axes
  2953 | D:3      | Reached XP level 6. HP: 40/53 MP: 5/5
  2953 | D:3      | Reached skill level 5 in Shields
  3223 | D:3      | Noticed Terence
  3231 | D:3      | Killed Terence
  3878 | D:4      | Found an opulent altar of Gozag.
  3977 | D:4      | Reached skill level 6 in Axes
  3977 | D:4      | Reached skill level 5 in Armour
  4116 | D:4      | Reached XP level 7. HP: 60/60 MP: 6/6
  4134 | D:4      | Found Ciboigaso's Magic Scroll Boutique.
  4141 | D:4      | Bought a scroll of magic mapping for 49 gold pieces
  4141 | D:4      | Bought a scroll of identify for 28 gold pieces
  4141 | D:4      | Bought a scroll of enchant armour for 105 gold pieces
  4141 | D:4      | Bought a scroll of magic mapping for 49 gold pieces
  4865 | D:4      | Bought a scroll of identify for 28 gold pieces
  4865 | D:4      | Bought a scroll of identify for 28 gold pieces
  4873 | D:5      | Entered Level 5 of the Dungeon
  4888 | D:5      | Reached skill level 5 in Fighting
  4888 | D:5      | Reached skill level 7 in Axes
  5214 | D:5      | Found a staircase to the Ecumenical Temple.
  5467 | D:5      | Reached XP level 8. HP: 68/68 MP: 7/7
  5665 | Temple   | Entered the Ecumenical Temple
  5673 | Temple   | Became a worshipper of Qazlal Stormbringer
  5733 | D:6      | Reached skill level 8 in Axes
  5775 | D:6      | Found a glowing drain.
  5799 | Sewer    | Entered a sewer
  6179 | D:6      | Reached * piety under Qazlal
  6503 | D:6      | Reached skill level 9 in Axes
  7024 | D:7      | Reached XP level 9. HP: 75/75 MP: 8/8
  7363 | D:7      | Reached skill level 10 in Axes
  7787 | D:7      | Reached ** piety under Qazlal
  7893 | D:7      | Found a shadowy altar of Dithmenos.
  8241 | D:8      | Found a white marble altar of Elyvilon.
  8243 | D:8      | Found a shadowy altar of Dithmenos.
  8543 | D:8      | Reached skill level 1 in Stealth
  9089 | D:9      | Reached XP level 10. HP: 44/86 MP: 9/9
  9425 | D:9      | Found a staircase to the Lair.
  9433 | D:9      | Reached skill level 11 in Axes
  9581 | D:9      | Reached skill level 5 in Dodging
  9676 | D:9      | Found a burning altar of Makhleb.
  9677 | D:9      | Found a shimmering altar of Xom.
  9678 | D:9      | Cast into level 1 of the Abyss (crimson imp)
  9701 | Abyss:1  | Gained mutation: Your magical capacity is low. (-10% MP) [a
                  | neqoxec]
  9740 | Abyss:1  | Noticed a spatial maelstrom
  9742 | Abyss:1  | Noticed a guardian serpent
  9746 | Abyss:1  | Noticed a salamander
  9751 | Abyss:1  | Noticed a naga warrior
  9751 | Abyss:1  | Noticed a naga warrior
  9756 | Abyss:1  | Found a corrupted altar of Lugonu.
  9756 | Abyss:1  | HP: 4/88 [large abomination (1)]
  9758 | Abyss:1  | Slain by a naga warrior

Illustrated notes

Levels and vault maps discovered:
D:1:      dpeg_arrival_brainrot, layout_basic, chequers_serial_rivers_large_a
D:2:      layout_loops_cross, evilmike_ruin_ashenzari, nicolae_ru_path_of_blood,
          grunt_decor_arrowhead, uniq_jessica, uniq_natasha
D:3:      minmay_bubble_buster, layout_basic, uniq_terence
D:4:      layout_loops_ring, grunt_gozag_breadcrumbs, serial_shops, shop,
          roderic_roman_lattice
D:5:      layout_basic, minmay_temple_entry_gardened_gates, first_ration
D:6:      layout_gridville, gup_sewer_entry_bubbles
D:7:      layout_basic, grunt_livestock, grunt_dithmenos_shadows
D:8:      layout_loops_ring, nicolae_overflow_hidden_temple,
          chequers_temple_overflow_statue_of_worship
D:9:      layout_rooms, grunt_temple_overflow_champion_of_chaos,
          erik_lair_orcish_takeover
Temple:   eino_temple_lava
Abyss:1:  base: D:14, minivault_4, minivault_4

Skill      XL: |  1  2  3  4  5  6  7  8  9 10 |
---------------+-------------------------------+-----
Shields        | 4 5 7 9 |  9.3
Armour         | 4 5 7 |  7.9
Axes           | 3 4 5 6 7 9 10 11 | 11.1
Dodging        | 1 2 3 4 5 |  5.0
Fighting       | 4 5 7 |  7.7
Stealth        | 1 |  1.3
Evocations     | |  0.9

Action                   |  1- 3 |  4- 6 |  7- 9 | 10-12 || total
-------------------------+-------+-------+-------+-------++-------
Melee: War axe           |   101 |   159 |   337 |    53 ||   650
       Headbutt          |    12 |    26 |    70 |     7 ||   115
Evoke: Wand              |       |       |     8 |       ||     8
  Use: Potion            |     3 |     2 |     1 |     6 ||    12
       Scroll            |       |     8 |     7 |     3 ||    18
  Eat: Chunk             |     1 |     6 |    10 |       ||    17
       Ration            |     1 |       |     4 |       ||     5
Armor: Scale mail        |    44 |    72 |   111 |    34 ||   261
Dodge: Dodged            |    28 |    56 |   116 |    30 ||   230
Block: Kite shield       |    60 |    91 |   244 |    74 ||   469
